 Dungeon Crawl Stone Soup version 0.22.0-32-gbc6daba (webtiles) character file.

1063 Lew the Chopper (level 8, -7/50 HPs)
             Began as a Gargoyle Fighter on Aug 23, 2018.
             Was a Follower of the Shining One (penitent).
             Mangled by an ogre
             ... wielding a +0 giant club
              (17 damage)
             ... on level 5 of the Dungeon.
             The game lasted 00:10:35 (2937 turns).

Lew the Chopper (Gargoyle Fighter)                  Turns: 2937, Time: 00:10:36

Health: -7/50      AC: 20    Str: 23    XL:     8   Next: 27%
Magic:  8/8        EV:  6    Int:  8    God:    the Shining One [*]
Gold:   168        SH: 10    Dex:  9    Spells: 7/7 levels left

rFire    . . .     SeeInvis .   a - +0 war axe
rCold    . . .     Gourm    .   c - +0 shield
rNeg     + . .     Faith    .   g - +0 chain mail
rPois    ∞         Spirit   .   n - +2 helmet
rElec    +         Reflect  .   l - +0 cloak
rCorr    .         Harm     .   (no gloves)
MR       .....                  (no boots)
Stlth    ..........             (no amulet)
HPRegen  0.16/turn              (no ring)
MPRegen  0.11/turn              (no ring)

@: no status effects
A: negative energy resistance 1, electricity resistance, unbreathing,
petrification resistance, rot immunity, AC +5
a: Renounce Religion


You were on level 5 of the Dungeon.
You worshipped the Shining One.
The Shining One was demanding penance.
You were not hungry.

You visited 2 branches of the dungeon, and saw 6 of its levels.

You collected 168 gold pieces.

Inventory:

Hand Weapons
 a - a +0 war axe (weapon)
Armour
 c - a +0 shield (worn)
 g - a +0 chain mail (worn)
 l - a +0 cloak (worn)
 n - a +2 helmet (worn)
Jewellery
 r - an uncursed amulet of harm
Scrolls
 e - a scroll of identify
 h - a scroll of fog
 i - 2 scrolls of amnesia
 k - 2 scrolls of remove curse
Potions
 d - a potion of might
 j - 4 potions of curing
 m - a potion of magic
 p - 2 potions of heal wounds
 q - a potion of haste
Comestibles
 f - 8 rations


   Skills:
 + Level 5.6 Fighting
 * Level 5.7 Axes
 + Level 5.6 Armour
 + Level 5.6 Shields


You had 7 spell levels left.
You didn't know any spells.
Your spell library was empty.

Dungeon Overview and Level Annotations

Branches:
Dungeon (5/15)             Temple (1/1) D:4

Altars:
Cheibriados
Dithmenos
Elyvilon
Fedhas
Hepliaklqana
Nemelex Xobeh
Okawaru
Ru
Sif Muna
Trog
Xom
Zin
The Shining One

Annotations:
D:5 Ijyb


Innate Abilities, Weirdness & Mutations

You are resistant to torment.
Your stone body is resilient. (AC +5)
You are immune to poison.
You resist negative energy. (rN+)
You are resistant to electric shocks. (rElec)
You can survive without breathing.
You are immune to petrification.
You are immune to rotting.


Message History

The ogre is lightly wounded.
The ogre hits you with a giant club!!
You closely miss the ogre.
The ogre is lightly wounded.
The ogre hits you with a giant club.
An ogre is nearby!
You hit the ogre.
The ogre is moderately wounded.
The ogre hits you with a giant club!
You are too injured to fight recklessly!
You are too injured to fight recklessly!
You are too injured to fight recklessly!
You hit the ogre.
The ogre is moderately wounded.
The ogre hits you with a giant club!
* * * LOW HITPOINT WARNING * * *
You slash the ogre!
The ogre is almost dead.
The ogre hits you with a giant club!
You die...

...#######........##
######
#..............###
##############.# #.#
#.# #.# #.######
#.#....# #.@.#
##.O..# #.#.## #.#.#
#.# . #.. ## ... ##.


You could see an ogre.

Vanquished Creatures
  Pikel (D:5)
  4 slaves (D:5)
  An ogre (D:4)
  A centaur (D:5)
  A crimson imp (D:4)
  A hound (D:4)
  An orc wizard (D:3)
  2 centaur skeletons
  A worker ant (D:5)
  Robin (D:4)
  13 adders
  A shadow imp (D:5)
  2 oozes (D:2)
  An adder skeleton (D:4)
  3 worms
  A dart slug (D:1)
  A leopard gecko (D:1)
  13 orcs
  A ball python (D:4)
  6 bats
  7 giant cockroaches
  13 goblins
  7 hobgoblins
  6 jackals
  3 kobolds
  4 quokkas
  2 frilled lizards
  A quokka skeleton (D:5)
  7 rats
106 creatures vanquished.

Vanquished Creatures (others)
  An adder (D:5)
1 creature vanquished.

Grand Total: 107 creatures vanquished

Notes
Turn   | Place    | Note
-------+----------+-------------------------------------------
     0 | D:1      | Lew the Gargoyle Fighter began the quest for the Orb.
     0 | D:1      | Reached XP level 1. HP: 14/14 MP: 1/1
    99 | D:1      | Reached XP level 2. HP: 19/19 MP: 2/2
   425 | D:2      | Found a faded altar of an unknown god.
   434 | D:2      | Reached XP level 3. HP: 19/23 MP: 3/3
   618 | D:2      | Found a shadowy altar of Dithmenos.
   769 | D:2      | Reached XP level 4. HP: 27/29 MP: 4/4
  1145 | D:2      | Found a glowing golden altar of the Shining One.
  1276 | D:2      | Became a worshipper of the Shining One
  1276 | D:2      | Reached * piety under the Shining One
  1344 | D:3      | Reached XP level 5. HP: 33/33 MP: 5/5
  1704 | D:4      | Reached XP level 6. HP: 39/39 MP: 6/6
  1733 | D:4      | Found an iron altar of Okawaru.
  1765 | D:4      | Found a staircase to the Ecumenical Temple.
  1781 | D:4      | Reached ** piety under the Shining One
  1796 | Temple   | Entered the Ecumenical Temple
  2233 | D:4      | Noticed Robin
  2244 | D:4      | Killed Robin
  2447 | D:4      | Reached XP level 7. HP: 44/44 MP: 7/7
  2602 | D:5      | Entered Level 5 of the Dungeon
  2611 | D:5      | Reached skill level 5 in Armour
  2631 | D:5      | Reached skill level 5 in Fighting
  2631 | D:5      | Reached skill level 5 in Shields
  2636 | D:5      | Noticed Pikel
  2657 | D:5      | Killed Pikel
  2657 | D:5      | Reached skill level 5 in Axes
  2657 | D:5      | Reached XP level 8. HP: 25/50 MP: 8/8
  2658 | D:5      | Was placed under penance by the Shining One
  2744 | D:5      | Noticed Ijyb
  2937 | D:5      | Mangled by an ogre

Skill      XL: |  1  2  3  4  5  6  7 |
---------------+----------------------+-----
Axes           | 2 3 4 5 |  5.7
Fighting       | 4 5 |  5.6
Shields        | 4 5 |  5.6
Armour         | 4 5 |  5.6

Action                   |  1- 3 |  4- 6 |  7- 9 || total
-------------------------+-------+-------+-------++-------
Melee: War axe           |   114 |   153 |    60 ||   327
  Use: Scroll            |     1 |    10 |     1 ||    12
       Potion            |       |     6 |     1 ||     7
  Eat: Chunk             |       |     4 |       ||     4
       Ration            |       |     1 |       ||     1
Armor: Scale mail        |    23 |       |       ||    23
       Chain mail        |    51 |   107 |    52 ||   210
Dodge: Dodged            |    38 |    42 |    15 ||    95
Block: Shield            |    72 |    84 |    40 ||   196
